 Dungeon Crawl Stone Soup version 0.16-a0-4115-ga5ed934 (webtiles) character file.

61 abixa the Poker (level 4, 33/33 HPs)
             Began as a Merfolk Skald on Mar 1, 2015.
             Quit the game on level 2 of the Dungeon.
             The game lasted 00:05:57 (1452 turns).

abixa the Poker (Merfolk Skald)                     Turns: 1452, Time: 00:05:58

Health: 33/33      AC:  5    Str: 12    XL:     4   Next: 7%
Magic:  7/7        EV: 11    Int: 12    God:
Gold:   51         SH:  0    Dex: 13    Spells: 2 memorised, 4 levels left

rFire  . . .     SeeInvis .     a - +0 spear
rCold  . . .     Clarity  .     b - +0 leather armour
rNeg   . . .     SustAb   .     (no shield)
rPois  .         Gourm    .     u - +0 helmet
rElec  .         Spirit   .     (no cloak)
rCorr  .         Warding  .     q - +0 pair of gloves
rMut   .         Stasis   .     (no boots)
MR     .....                    (no amulet)
Stlth  +.........               (no ring)
                                (no ring)

@: not resistant to hostile enchantments, very unstealthy
A: change form in water, swift swim
a: no special abilities


You were on level 2 of the Dungeon.
You were not hungry.

You visited 1 branch of the dungeon, and saw 2 of its levels.

You collected 51 gold pieces.

Inventory:

Hand weapons
 a - a +0 spear (weapon)
Missiles
 m - 40 stones (quivered)
 s - 17 poisoned needles
Armour
 b - a +0 leather armour (worn)
 i - a +0 ring mail
 q - a +0 pair of gloves (worn)
 u - a +0 helmet (worn)
Magical devices
 t - a wand of fireball (1)
Scrolls
 e - 3 scrolls of recharging {unknown}
 k - a scroll of blinking {unknown}
 l - a scroll of magic mapping {unknown}
 n - a scroll of fog {unknown}
 p - a scroll of enchant weapon {unknown}
Potions
 g - 3 potions of curing {unknown}
 h - a potion of agility {unknown}
 j - 2 potions of might {unknown}
 o - a potion of cancellation {unknown}
Books
 c - a book of Battle

   Spells                             Type                      Level
   a - Infusion                       Charms                       1
   b - Shroud of Golubria             Charms/Translocation         2
   c - Song of Slaying                Charms                       2
   d - Spectral Weapon                Hexes/Charms                 3
   e - Regeneration                   Charms/Necromancy            3
Comestibles
 d - a bread ration
 f - 4 meat rations


   Skills:
 - Level 2.1 Fighting
 + Level 4.7 Polearms
 - Level 0.6 Armour
 - Level 1.3 Dodging
 - Level 2.0 Spellcasting
 + Level 4.4 Charms


You had 4 spell levels left.
You knew the following spells:

 Your Spells              Type           Power        Failure   Level  Hunger
a - Infusion              Chrm           ##....       8%          1    ##.....
b - Song of Slaying       Chrm           ##......     12%         2    ###....


Dungeon Overview and Level Annotations

Branches:
Dungeon (2/15)

Altars:


Message History

The worm is almost dead.
Assign waypoint to what number? (0-9)
Okay, then.
Unknown command.
Attack whom?
Press: ? - help, Dir - move target cursor, f/p - worm
Aim: a worm (almost dead)
You hit the worm but do no damage.
The worm is almost dead.
The worm barely misses you.
Attack whom?
Press: ? - help, Dir - move target cursor, f/p - worm
Aim: a worm (almost dead)
You reach to attack!
You hit the worm.
You kill the worm!
You have reached level 4!
You start resting.
You start resting.
HP restored.
Are you sure you want to abandon this character and quit the game? (Confirm with "yes".)

######### ## #........ ..
#.####### #. #.# #.
#.####### #># #..)).... #.#
##.#######
######)#####..#####
#..@..............#
#†####....)...###.### #.#
#).#####.#.....# #.#
#..#####.#...... #.#
#.)............. #.#
#..#######...... #.#
#..#######.....#
#######.####............###
#.$........#>############


There were no monsters in sight!

Vanquished Creatures
  Robin (D:2)
  2 worms (D:2)
  6 bats
  8 hobgoblins
  A quokka (D:2)
  A giant newt (D:1)
  11 goblins
  5 kobolds
  4 rats
39 creatures vanquished.

Notes
Turn   | Place    | Note
--------------------------------------------------------------
     0 | D:1      | abixa, the Merfolk Skald, began the quest for the Orb.
     0 | D:1      | Reached XP level 1. HP: 16/16 MP: 3/3
   228 | D:1      | Reached XP level 2. HP: 22/22 MP: 4/4
   345 | D:1      | Learned a level 2 spell: Song of Slaying
   527 | D:1      | Reached skill level 4 in Charms
   811 | D:1      | Reached XP level 3. HP: 27/27 MP: 6/6
  1151 | D:2      | Noticed Robin
  1173 | D:2      | Killed Robin
  1263 | D:2      | Reached XP level 4. HP: 12/33 MP: 7/7
  1452 | D:2      | Quit the game

Action                   |  1- 3 |  4- 6 || total
-------------------------+-------+-------++-------
Melee: Spear             |   196 |       ||   196
 Cast: Infusion          |     6 |       ||     6
       Song of Slaying   |     1 |       ||     1
 Stab: Sleeping          |     1 |       ||     1
  Eat: Chunk             |     2 |       ||     2
